Map: Ephemeron LE

Players

Radio - Winner!

  • Race: Zerg Zerg
  • League: Diamond
  • Spawn Location: 5:00

MadBean

  • Race: Zerg Zerg
  • Spawn Location: 11:00

VOD

Have the link to the VOD?

Description

Time

  • Played on: Dec. 2, 2019, 3:13 p.m.
  • Length: 15:56
Show
View Real Time Build Order
Export as new Build Order

Radio Zerg - Winner!

Build Orders: Hatch First, Muta Ling Bane 

Get SALT Encoding   

  12  0:01  Drone  
  13  0:08  Drone  
  14  0:16  Overlord  
  14  0:24  Extractor, Drone  
  15  0:35  Drone x2  
  17  0:52  Hatchery  
  16  0:59  Extractor, Drone  
  16  1:00  Drone  
  17  1:15  Spawning Pool  
  16  1:19  Drone  
  16  1:22  Drone  
  18  1:27  Drone  
  19  1:38  Overlord  
  19  2:02  Metabolic Boost  
  19  2:03  Queen  
  19  2:04  Queen  
  23  2:08  Drone  
  23  2:10  Drone  
  23  2:13  Drone  
  26  2:24  Drone  
  26  2:25  Zergling x4  
  29  2:31  Zergling x2  
  30  2:39  Baneling Nest  
  30  2:42  Queen  
  31  2:48  Drone  
  31  2:49  Drone x2  
  34  2:52  Drone  
  35  2:59  Overlord  
  35  3:13  Extractor  
  35  3:15  Lair  
  34  3:46  Drone x7  
  34  3:47  Drone x3  
  44  3:50  Overlord, Extractor x2  
  42  4:03  Hatchery  
  41  4:14  Spire, Drone x3  
  41  4:15  Drone  
  44  4:23  Drone x3  
  47  4:32  Evolution Chamber, Drone x2  
  47  4:34  Evolution Chamber  
  47  4:36  Drone  
  48  4:51  Zergling x8  
  51  5:03  Overlord x4  
  51  5:15  Queen  
  53  5:27  Mutalisk  
  53  5:28  Mutalisk x4  
  59  5:29  Mutalisk  
  61  5:46  Mutalisk  
  61  5:47  Mutalisk x2  
  61  5:48  Mutalisk  
  67  6:03  Mutalisk  
  69  6:07  Zergling x18  
  78  6:17  Spine Crawler  
  77  6:18  Spine Crawler  
  68  6:53  Drone  
  73  6:54  Drone x12  
  81  7:19  Queen  
  81  7:20  Drone x3  
  81  7:21  Drone x4  
  81  7:22  Extractor  
  89  7:24  Extractor  
  88  7:30  Centrifical Hooks  
  88  7:31  Zerg Flyer Weapons Level 1  
  88  7:33  Overlord  
  88  7:34  Overlord x2  
  88  7:35  Hatchery  
  87  7:39  Baneling  
  84  7:51  Zergling x2  
  84  7:52  Zergling x18  
  94  8:01  Zergling x6  
  97  8:12  Baneling x11  
  97  8:13  Baneling x7  
  80  8:39  Mutalisk x5  
  80  8:40  Mutalisk x5  
  85  8:48  Zergling x4  
  78  9:23  Queen  
  80  9:24  Hatchery  
  80  9:29  Mutalisk  
  80  9:30  Mutalisk x3  
  88  9:31  Zergling x6  
  88  9:33  Baneling x2  
  90  9:39  Extractor  
  90  9:41  Extractor  
  88  9:48  Hatchery  
  86  9:58  Baneling x5  
  85  10:00  Zergling x2  
  85  10:01  Zergling x10  
  89  10:18  Zergling x4  
  75  10:28  Mutalisk x2  
  70  10:47  Mutalisk  
  70  10:49  Zergling x18  
  77  11:24  Mutalisk x4  
  82  11:32  Baneling x2  
  77  11:33  Baneling  
  77  11:34  Zergling x2  
  77  11:35  Zergling x14  
  85  11:44  Hatchery  
  84  11:47  Hatchery  
  83  11:56  Zergling x10  
  88  12:08  Baneling  
  88  12:09  Baneling x6  
  88  12:14  Zerg Melee Weapons Level 1, Zerg Ground Armor Level 1  
  62  12:54  Zergling x12  
  68  12:59  Queen x4  
  73  13:06  Zergling x2  
  73  13:07  Zergling x8  
  77  13:29  Baneling x8  
  76  13:34  Mutalisk  
  76  13:35  Mutalisk x8  
  77  13:56  Mutalisk  
  77  13:57  Mutalisk x3  
  77  13:58  Zergling x6  
  88  14:09  Extractor  
  87  14:14  Drone x7  
  94  14:33  Baneling x3  
  94  14:50  Drone x3  
  97  14:53  Drone x3  
  97  14:54  Drone  
  101  15:00  Mutalisk  
  101  15:01  Overlord x4  
  103  15:21  Zergling x2  
  103  15:22  Hatchery, Zergling x8  
  105  15:35  Zergling x2  
  105  15:36  Zergling x14  
  105  15:38  Baneling  
  105  15:39  Baneling  
Show
View Real Time Build Order
Export as new Build Order

MadBean Zerg 

Build Orders: Hatch First 

Get SALT Encoding   

  12  0:02  Drone  
  13  0:12  Overlord  
  13  0:16  Drone  
  14  0:33  Drone x2  
  16  0:39  Drone  
  17  0:54  Hatchery  
  17  0:56  Drone  
  17  1:01  Drone  
  18  1:15  Spawning Pool  
  18  1:17  Drone  
  18  1:20  Drone  
  19  1:31  Extractor  
  18  1:34  Drone  
  18  1:39  Drone  
  20  1:54  Overlord  
  20  2:04  Queen  
  20  2:06  Zergling x2  
  20  2:07  Queen  
  26  2:08  Zergling x2  
  26  2:11  Drone  
  27  2:17  Drone  
  28  2:23  Drone  
  29  2:30  Drone  
  29  2:32  Drone  
  31  2:40  Lair  
  31  2:42  Drone  
  31  2:43  Queen  
  34  2:47  Overlord  
  34  2:58  Evolution Chamber  
  34  3:00  Drone x2  
  34  3:02  Drone, Roach Warren  
  35  3:07  Drone  
  36  3:13  Drone x3  
  36  3:18  Extractor  
  38  3:21  Extractor  
  37  3:30  Evolution Chamber  
  36  3:38  Overlord x2  
  36  3:45  Glial Reconstitution  
  36  3:47  Zerg Missile Weapons Level 1  
  36  3:56  Drone x6  
  36  3:57  Drone x2  
  36  4:00  Overlord  
  44  4:11  Overlord  
  44  4:13  Drone x2  
  46  4:23  Drone x3  
  49  4:36  Roach x2  
  49  4:37  Roach x4  
  61  4:43  Overlord  
  61  4:55  Roach  
  61  4:56  Roach x2  
  67  5:01  Overlord  
  67  5:03  Roach x3  
  67  5:07  Roach  
  75  5:20  Roach x3  
  81  5:29  Roach  
  81  5:31  Overlord  
  83  5:39  Hatchery  
  82  5:49  Roach x3  
  88  5:50  Roach x2  
  92  5:57  Zerg Missile Weapons Level 2  
  92  6:06  Overlord  
  92  6:07  Overlord  
  92  6:11  Overlord  
  92  6:17  Spore Crawler  
  89  6:19  Spore Crawler  
  89  6:25  Queen  
  86  6:26  Spore Crawler, Queen  
  86  6:30  Spore Crawler  
  86  6:32  Spore Crawler  
  79  6:35  Hydralisk Den  
  70  7:01  Queen  
  72  7:06  Hydralisk  
  72  7:07  Hydralisk x8  
  90  7:16  Hydralisk  
  90  7:17  Hydralisk  
  94  7:26  Hydralisk x2  
  98  7:35  Hydralisk  
  100  7:39  Overlord x2  
  100  7:40  Overlord  
  100  7:55  Grooved Spines  
  100  7:57  Queen  
  100  7:58  Hydralisk x3  
  78  8:43  Hydralisk x8  
  78  8:44  Hydralisk x3  
  90  9:10  Hydralisk x5  
  80  9:26  Roach  
  80  9:27  Roach x5  
  88  9:43  Roach x2  
  88  9:44  Roach x2  
  96  10:06  Roach x7  
  86  10:25  Hydralisk x4  
  84  10:35  Hydralisk x2  
  78  10:51  Hydralisk x2  
  82  11:00  Hydralisk  
  82  11:01  Hydralisk  
  84  11:09  Extractor  
  63  11:32  Hydralisk x3  
  51  11:33  Hydralisk x2  
  63  11:55  Roach x4  
  63  11:56  Roach x2  
  63  12:00  Hatchery  
  74  12:08  Roach x3  
  52  12:35  Hydralisk x3  
  52  12:36  Hydralisk x4  
  44  12:47  Hydralisk  
  46  12:57  Roach x2  
  50  13:06  Roach Warren  
  33  14:02  Hydralisk x2  
  29  14:03  Hydralisk x5  
  39  14:20  Roach x2  
  39  14:21  Roach  
  45  14:35  Roach x2  
  49  14:50  Hydralisk x2  
  53  15:03  Hydralisk  
  53  15:04  Hydralisk  
  57  15:15  Hydralisk  
  61  15:35  Roach  
  61  15:36  Roach x2  
Tags
 
Composition
Muta Ling Bane
League
Diamond
Matchup
ZvZ
Race
Zerg
Spawn Locations
Cross Positions
Add a new tag
Caveats
  • Supply blocks, unpowered buildings, or Contaminate may cause inaccurate times.
  • Supply counts are checked every 10 seconds.